 Dungeon Crawl Stone Soup version 0.30-a0-715-gdb4ae3ece1 (webtiles) character file.

Game seed: 18444163560129647321

1597 browni3141 the Trooper (level 8, 0/64 HPs)
             Began as a Mummy Monk on Jan 24, 2023.
             Slain by a centaur
             ... wielding a +0 trident
              (2 damage)
             ... on level 6 of the Dungeon.
             The game lasted 00:24:42 (11096 turns).

browni3141 the Trooper (Mummy Monk)                Turns: 11096, Time: 00:24:43

Health: 0/64       AC: 10    Str: 20    XL:     8   Next: 62%
Magic:  8/8        EV: 14    Int:  9    God:
Gold:   352        SH:  0    Dex: 17    Spells: 7/7 levels left

rFire   x . .      SeeInvis .      - Unarmed
rCold   + . .      Faith    +    (no shield)
rNeg    + + +      Spirit   .    (no body armour)
rPois   ∞          Reflect  .    j - +2 hat
rElec   .          Harm     .    d - +0 cloak
rCorr   .          Rampage  .    h - +2 pair of gloves
Will    +....                    (no boots)
Stlth   +++                      (no amulet)
HPRegen 0.30/turn                l - +4 ring of protection
MPRegen 0.11/turn                e - +6 ring of strength

@: no status effects
A: cold resistance 1, negative energy resistance 3, torment resistance 2, heat
vulnerability 1, in touch with death 1, no potions, faith
a: no special abilities


You were on level 6 of the Dungeon.
You visited 2 branches of the dungeon, and saw 8 of its levels.

You collected 352 gold pieces.

Inventory:

Armour
 d - a +0 cloak (worn)
 h - a +2 pair of gloves (worn)
 j - a +2 hat (worn)
Jewellery
 c - a ring of flight
 e - a +6 ring of strength (right hand)
 f - a +6 ring of intelligence
 l - a +4 ring of protection (left hand)
 m - a ring of ice
Scrolls
 a - a scroll of identify
 b - a scroll of blinking
 g - a scroll of amnesia
 i - 2 scrolls of fog {unknown}
 k - a scroll of teleportation {unknown}
 n - a scroll of magic mapping {unknown}


   Skills:
 + Level 6.0 Fighting
 - Level 5.0 Dodging
 + Level 5.7 Stealth
 + Level 4.9 Unarmed Combat


You had 7 spell levels left.
You didn't know any spells.
Your spell library contained the following spells:

 Spells                   Type           Power      Damage    Failure   Level
 Cigotuvi's Dreadful Rot  Necr/Pois/Air  0%         N/A       52%         2
 Poisonous Vapours        Pois/Air       0%         N/A       52%         2
 Mephitic Cloud           Conj/Pois/Air  0%         N/A       77%         3
 Ozocubu's Armour         Ice            0%         N/A       77%         3
 Ozocubu's Refrigeration  Ice            0%         4d7       100%        7
 Summon Hydra             Summ           0%         N/A       100%        7
 Sublimation of Blood     Necr           Unusable   N/A       N/A         2
 Wereblood                Tmut           Unusable   N/A       N/A         2

Dungeon Overview and Level Annotations

Branches:
Dungeon (7/15)             Temple (1/1) D:5

Altars:
Ashenzari
Cheibriados
Dithmenos
Fedhas
Hepliaklqana
Kikubaaqudgha
Makhleb
Nemelex Xobeh
Okawaru
Qazlal
Ru
Sif Muna
Trog
Uskayaw
Vehumet
Xom
Yredelemnul

Shops:
D:3 =

Annotations:
D:5 Dowan, Sigmund


Innate Abilities, Weirdness & Mutations

You are immune to poison.
Your flesh is cold resistant. (rC+)
You are immune to negative energy. (rN+++)
You are immune to unholy pain and torment.
You are vulnerable to heat. (rF-)
You are in touch with the powers of death.
You do not drink.
You have a special connection with the divine. (Faith)


Message History

The bullfrog closely misses you.
The centaur hits you but does no damage.
The centaur closely misses you.
You climb upwards.
Reactivating autopickup.
There is a stone staircase leading down here.
You hit the centaur.
The centaur is lightly wounded.
The bullfrog closely misses you. The centaur hits you with a +0 trident.
* * * LOW HITPOINT WARNING * * *
The centaur kicks you but does no damage.
The bullfrog hits you.
* * * LOW HITPOINT WARNING * * *
You closely miss the bullfrog. You punch the bullfrog.
The bullfrog is lightly wounded.
The centaur closely misses you. The centaur misses you.
The bullfrog misses you.
You hit the bullfrog.
The bullfrog is moderately wounded.
The centaur misses you.
The centaur kicks you but does no damage.
The bullfrog misses you.
The centaur hits you but does no damage.
The centaur barely misses you.
You punch the bullfrog!
The bullfrog is heavily wounded.
The bullfrog hits you but does no damage.
The centaur hits you with a +0 trident!
* * * LOW HITPOINT WARNING * * *
The centaur barely misses you. The bullfrog hits you.
* * * LOW HITPOINT WARNING * * *
You punch the bullfrog!
The bullfrog is almost dead.
The centaur completely misses you. x2; The bullfrog hits you.
* * * LOW HITPOINT WARNING * * *
You hit the bullfrog.
You kill the bullfrog!
The centaur hits you but does no damage.
The centaur kicks you.
You die...

##..!.# ##...##
#.(#....# ##...##
#!....###(##....#
#....#
##.....##).##....##
##...#
#......##.###.....#
#...# #......##.#
#.....# ##..##
#......#)## #.....#
#...# ##......#.#
##....# ##..#
#........## #....##
#..## #>.c@..#.#
##....# #...#
#.......## #....#
##..## ##......#
##...# #...#
#####.## ##.##
#...## ##.# ###
##...### #..# #
#.....####.## #
#...........### ##
#.............#


You could see a centaur.

Vanquished Creatures
  Duvessa (D:5)
  2 black bears
  A centaur (D:7)
  A phantom (D:3)
  2 kobold brigands
  A bullfrog (D:6)
  4 scorpions
  A necrophage (D:3)
  2 howler monkeys
  An orc priest (D:5)
  2 gnoll boudas (D:6)
  4 hounds
  Ijyb (D:4)
  3 iguanas
  8 gnolls
  7 adders
  3 shadow imps
  3 white imps
  2 ufetubi
  2 worms
  5 dart slugs
  20 orcs
  6 endoplasms
  7 giant cockroaches
  4 goblins
  4 hobgoblins
  9 jackals
  16 kobolds
  6 quokkas
  6 ball pythons
  4 bats
  7 frilled lizards
  8 rats
153 creatures vanquished.

Notes
Turn   | Place    | Note
-------+----------+-------------------------------------------
     0 | D:1      | browni3141 the Mummy Monk began the quest for the Orb.
     0 | D:1      | Reached XP level 1. HP: 18/18 MP: 1/1
   314 | D:1      | Reached XP level 2. HP: 15/24 MP: 2/2
  1029 | D:1      | Gained mutation: You are in touch with the powers of death.
                  | [Mummy growth]
  1029 | D:1      | Reached XP level 3. HP: 27/29 MP: 3/3
  2332 | D:3      | Found a faded altar of an unknown god.
  2398 | D:3      | Noticed a necrophage
  2562 | D:3      | Reached XP level 4. HP: 18/35 MP: 4/4
  2608 | D:3      | Killed a necrophage
  2612 | D:3      | Reached XP level 5. HP: 5/41 MP: 5/5
  2922 | D:3      | Found Hedihots's Jewellery Shoppe.
  3634 | D:4      | Noticed a phantom
  3634 | D:4      | Noticed a black bear
  3727 | D:4      | Noticed Ijyb
  3999 | D:4      | Reached skill level 4 in Fighting
  4157 | D:4      | Reached XP level 6. HP: 33/48 MP: 6/6
  4483 | D:5      | Entered Level 5 of the Dungeon
  4483 | D:5      | Noticed Duvessa
  4483 | D:5      | Noticed Dowan
  4608 | D:5      | Found a staircase to the Ecumenical Temple.
  4614 | Temple   | Entered the Ecumenical Temple
  4786 | D:5      | Found a shimmering blue altar of Sif Muna.
  4803 | D:5      | Found a radiant altar of Vehumet.
  5048 | D:5      | Noticed Sigmund
  6344 | D:3      | Reached XP level 7. HP: 55/55 MP: 7/7
  6594 | D:4      | Killed Ijyb
  7917 | D:5      | Reached skill level 5 in Fighting
  8776 | D:5      | Killed Duvessa
  8777 | D:5      | Reached skill level 5 in Stealth
  8777 | D:5      | Reached XP level 8. HP: 7/62 MP: 8/8
 11030 | D:7      | Reached skill level 6 in Fighting
 11086 | D:7      | Reached skill level 5 in Dodging
 11095 | D:6      | HP: 2/64 [bullfrog (5)]
 11096 | D:6      | Slain by a centaur

Illustrated notes

Levels and vault maps discovered:
D:1:      wander_arrival_peaceful_grave, layout_basic
D:2:      layout_basic
D:3:      layout_loops_cross, serial_shops, shop, ebering_ecumenical_altar_mist,
          minmay_divided_ellipse
D:4:      minmay_skewed_foursquare, layout_basic, amcnicky_mini_pool_small,
          uniq_ijyb
D:5:      layout_rooms, mainiacjoe_overflow_large_starburst,
          minmay_temple_entry_purple_smoke, uniq_duvessa, uniq_sigmund
D:6:      layout_cave_pods
D:7:      hangedman_cross_stitches, layout_basic, minmay_misc_feat_five,
          uniq_pikel, uniq_crazy_yiuf_cottage, uniq_menkaure
Temple:   nicolae_temple_bog_church

Skill      XL: |  1  2  3  4  5  6  7  8 |
---------------+-------------------------+-----
Stealth        | 2 3 4 5 |  5.7
Dodging        | 3 4 5 |  5.0
Unarmed Combat | 3 4 |  4.9
Fighting       | 4 5 6 |  6.0

Action                     |  1- 3 |  4- 6 |  7- 9 || total
---------------------------+-------+-------+-------++-------
  Melee: Unarmed           |   189 |   280 |   357 ||   826
         Punch             |     4 |    16 |    16 ||    36
    Use: Scroll            |       |     3 |     3 ||     6
   Stab: Sleeping          |    12 |     9 |     2 ||    23
         Distracted        |     1 |       |       ||     1
 Armour: Skin              |     4 |    53 |   159 ||   216
  Dodge: Dodged            |    97 |   147 |   280 ||   524

Table legend: (Time is in decaauts)
 A = Elapsed time spent in this place.
 B = Non-inter-level travel time spent in this place.
 C = Inter-level travel time spent in this place.
 D = Time resting spent in this place.
 E = Time spent auto-exploring this place.
 F = Levels seen in this place.
 G = Mean time per level.
                   A        B        C        D        E       F      G
               +--------+--------+--------+--------+--------+-----+--------+
         Total |  11064 |   9973 |   1091 |   2960 |   4415 |   8 | 1383.0 |
       Dungeon |   9880 |   8806 |   1074 |   1940 |   4291 |   7 | 1411.4 |
        Temple |   1183 |   1166 |     17 |   1020 |    124 |   1 | 1183.0 |
               +--------+--------+--------+--------+--------+-----+--------+

Top non-repeatable levels by time:
     D:4: 3293 daAuts
     D:6: 1439 daAuts
     D:5: 1418 daAuts
     D:3: 1300 daAuts
     D:2: 1261 daAuts
  Temple: 1183 daAuts
     D:1: 1093 daAuts
     D:7: 73 daAuts
